%YAML 1.1
%TAG !u! tag:unity3d.com,2011:
--- !u!1 &1820483200359333813
GameObject:
  m_ObjectHideFlags: 0
  m_CorrespondingSourceObject: {fileID: 0}
  m_PrefabInstance: {fileID: 0}
  m_PrefabAsset: {fileID: 0}
  serializedVersion: 6
  m_Component:
  - component: {fileID: 1820483200359329867}
  - component: {fileID: 1820483200359333812}
  m_Layer: 0
  m_Name: Pnj_Activity_Mom
  m_TagString: Activity
  m_Icon: {fileID: 0}
  m_NavMeshLayer: 0
  m_StaticEditorFlags: 0
  m_IsActive: 1
--- !u!4 &1820483200359329867
Transform:
  m_ObjectHideFlags: 0
  m_CorrespondingSourceObject: {fileID: 0}
  m_PrefabInstance: {fileID: 0}
  m_PrefabAsset: {fileID: 0}
  m_GameObject: {fileID: 1820483200359333813}
  m_LocalRotation: {x: -0, y: -0, z: -0, w: 1}
  m_LocalPosition: {x: -16.66, y: -3.33, z: 0}
  m_LocalScale: {x: 1, y: 1, z: 1}
  m_Children:
  - {fileID: 8854741060350215496}
  m_Father: {fileID: 0}
  m_RootOrder: 0
  m_LocalEulerAnglesHint: {x: 0, y: 0, z: 0}
--- !u!114 &1820483200359333812
MonoBehaviour:
  m_ObjectHideFlags: 0
  m_CorrespondingSourceObject: {fileID: 0}
  m_PrefabInstance: {fileID: 0}
  m_PrefabAsset: {fileID: 0}
  m_GameObject: {fileID: 1820483200359333813}
  m_Enabled: 1
  m_EditorHideFlags: 0
  m_Script: {fileID: 11500000, guid: 303f5573a2bbb924e96886951f4d8630, type: 3}
  m_Name: 
  m_EditorClassIdentifier: 
  DialogPannel: {fileID: 0}
  PnjTxtName: {fileID: 0}
  PnjTxtDialogue: {fileID: 0}
  talkingItself: 0
  pnjName: Mom
  textQuest: Va voir Papy dans le jardin
  textAbort: "Reviens plus tard, je suis occup\xE9"
  QuestIndexNumber: 0
  canStartQuest: 0
--- !u!1 &5706273108296616814
GameObject:
  m_ObjectHideFlags: 0
  m_CorrespondingSourceObject: {fileID: 0}
  m_PrefabInstance: {fileID: 0}
  m_PrefabAsset: {fileID: 0}
  serializedVersion: 6
  m_Component:
  - component: {fileID: 8854741060350215496}
  - component: {fileID: 8917736293300578580}
  - component: {fileID: 4665436585119718548}
  m_Layer: 0
  m_Name: TriggerPNJ
  m_TagString: Untagged
  m_Icon: {fileID: 0}
  m_NavMeshLayer: 0
  m_StaticEditorFlags: 0
  m_IsActive: 1
--- !u!4 &8854741060350215496
Transform:
  m_ObjectHideFlags: 0
  m_CorrespondingSourceObject: {fileID: 0}
  m_PrefabInstance: {fileID: 0}
  m_PrefabAsset: {fileID: 0}
  m_GameObject: {fileID: 5706273108296616814}
  m_LocalRotation: {x: -0, y: -0, z: -0, w: 1}
  m_LocalPosition: {x: 12.59, y: -0.7399998, z: 0}
  m_LocalScale: {x: 1, y: 1, z: 1}
  m_Children: []
  m_Father: {fileID: 1820483200359329867}
  m_RootOrder: 0
  m_LocalEulerAnglesHint: {x: 0, y: 0, z: 0}
--- !u!61 &8917736293300578580
BoxCollider2D:
  m_ObjectHideFlags: 0
  m_CorrespondingSourceObject: {fileID: 0}
  m_PrefabInstance: {fileID: 0}
  m_PrefabAsset: {fileID: 0}
  m_GameObject: {fileID: 5706273108296616814}
  m_Enabled: 1
  m_Density: 1
  m_Material: {fileID: 0}
  m_IsTrigger: 1
  m_UsedByEffector: 0
  m_UsedByComposite: 0
  m_Offset: {x: -0.065062046, y: -0.10139048}
  m_SpriteTilingProperty:
    border: {x: 0, y: 0, z: 0, w: 0}
    pivot: {x: 0.5, y: 0.5}
    oldSize: {x: 1.0625, y: 1}
    newSize: {x: 1.0625, y: 1}
    adaptiveTilingThreshold: 0.5
    drawMode: 0
    adaptiveTiling: 0
  m_AutoTiling: 0
  serializedVersion: 2
  m_Size: {x: 0.9984939, y: 1.7907112}
  m_EdgeRadius: 0
--- !u!114 &4665436585119718548
MonoBehaviour:
  m_ObjectHideFlags: 0
  m_CorrespondingSourceObject: {fileID: 0}
  m_PrefabInstance: {fileID: 0}
  m_PrefabAsset: {fileID: 0}
  m_GameObject: {fileID: 5706273108296616814}
  m_Enabled: 1
  m_EditorHideFlags: 0
  m_Script: {fileID: 11500000, guid: 80659debfa51fe345a9b1ab591c39d51, type: 3}
  m_Name: 
  m_EditorClassIdentifier: 
  actionButton: {fileID: 0}
  playerInstance: {fileID: 0}
  dialogBox: {fileID: 0}
  questionBox: {fileID: 0}
  dialogPerson: MOI
  dialogPersonBox: {fileID: 0}
  dialogText: "Est ce que je d\xE9range Maman ?"
  dialogTextBox: {fileID: 0}
  questionText: "D\xE9ranger Maman ?"
  questionTextBox: {fileID: 0}
  activityLaunch:
    m_PersistentCalls:
      m_Calls: []
  activityClose:
    m_PersistentCalls:
      m_Calls: []
  stateID: 9
  activityTriggers:
  - {fileID: 0}
  activityManager: {fileID: 0}
  startActivity:
    m_PersistentCalls:
      m_Calls:
      - m_Target: {fileID: 1820483200359333812}
        m_TargetAssemblyTypeName: PnjIndicationDialogu, Assembly-CSharp
        m_MethodName: StartDialogue
        m_Mode: 1
        m_Arguments:
          m_ObjectArgument: {fileID: 0}
          m_ObjectArgumentAssemblyTypeName: UnityEngine.Object, UnityEngine
          m_IntArgument: 0
          m_FloatArgument: 0
          m_StringArgument: 
          m_BoolArgument: 0
        m_CallState: 2
  stopActivity:
    m_PersistentCalls:
      m_Calls:
      - m_Target: {fileID: 1820483200359333812}
        m_TargetAssemblyTypeName: PnjIndicationDialogu, Assembly-CSharp
        m_MethodName: CLoseDialogueBoxPNJ
        m_Mode: 1
        m_Arguments:
          m_ObjectArgument: {fileID: 0}
          m_ObjectArgumentAssemblyTypeName: UnityEngine.Object, UnityEngine
          m_IntArgument: 0
          m_FloatArgument: 0
          m_StringArgument: 
          m_BoolArgument: 0
        m_CallState: 2
